NCAA
ALABAMA CRIMSON TIDE @ OREGON DUCKS
04/18/2025
 
TOP OF THE 1ST
Alabama Crimson Tide batting - Pitching for Oregon Ducks : RHP Javier Molina
Pitching: RHP Javier Molina
Batting: SHB Jorge Dávila 0-0: SINGLE (Groundball, 4MD)
Batting: LHB Jorge Cuero 0-0: Ball
1-0: Ground out 4-3 (Groundball, 4M)
Jorge Dávila to second
Batting: LHB Davey Davis 0-0: Ball
1-0: Ball
2-0: Ball
3-0: Base on Balls
Batting: RHB Bob Johnson 0-0: Called Strike
0-1: Ball
1-1: Ball
2-1: Foul Ball, location: 2F
2-2: SINGLE (Flyball, 89S)
Jorge Dávila to third
Davey Davis to second
Runner from 3rd tries for Home, SAFE, no throw or cutoff
Batting: LHB Fred Abrams 0-0: Ball
1-0: Ball
2-0: Ball
3-0: Called Strike
3-1: Called Strike
3-2: Base on Balls
Davey Davis to third
Bob Johnson to second
Batting: RHB Stephen Nava 0-0: Called Strike
0-1: Ball
1-1: Foul Ball, location: 2F
1-2: Ball
2-2: Strikes out swinging
Batting: LHB Clayton Bailey 0-0: Ball
1-0: Foul Ball, location: 2F
1-1: Ball
2-1: Foul Ball, location: 2F
2-2: Strikes out swinging
Top of the 1st over - 1 run(s), 2 hit(s), 0 error(s), 3 left on base; Alabama 1 - Oregon 0
BOTTOM OF THE 1ST
Oregon Ducks batting - Pitching for Alabama Crimson Tide : RHP Manuel González
Pitching: RHP Manuel González
Batting: RHB Kris Ballard 0-0: SINGLE (Line Drive, 56D)
Batting: RHB Raúl González 0-0: Ball
1-0: Grounds into double play, 4-6-3 (Groundball, 4)
Batting: RHB Tom Cirilo 0-0: Foul Ball, location: 2F
0-1: Ground out 6-3 (Groundball, 56)
Bottom of the 1st over - 0 run(s), 1 hit(s), 0 error(s), 0 left on base; Alabama 1 - Oregon 0
TOP OF THE 2ND
Alabama Crimson Tide batting - Pitching for Oregon Ducks : RHP Javier Molina
Batting: RHB Greg Grant 0-0: Foul Ball, location: 2F
0-1: SINGLE (Flyball, 89S)
Batting: RHB Paco González 0-0: Swinging Strike
0-1: Called Strike
0-2: Strikes out looking
Batting: SHB Jorge Dávila 0-0: Called Strike
0-1: Fly out, F6 (Popup, 6M)
Batting: LHB Jorge Cuero 0-0: Ball
1-0: Fielders Choice at 2nd, 6-4 (Groundball, 6)
Top of the 2nd over - 0 run(s), 1 hit(s), 0 error(s), 0 left on base; Alabama 1 - Oregon 0
BOTTOM OF THE 2ND
Oregon Ducks batting - Pitching for Alabama Crimson Tide : RHP Manuel González
Batting: RHB Jared Pass 0-0: Ball
1-0: Ball
2-0: Ball
3-0: Base on Balls
Batting: RHB Bob Levinson 0-0: Called Strike
0-1: Ball
1-1: Foul Ball, location: 2F
1-2: Foul Ball, location: 2F
1-2: Strikes out looking
Batting: SHB Mark Thomas 0-0: Called Strike
0-1: Called Strike
0-2: Ball
1-2: Ball
2-2: Strikes out swinging
Batting: RHB Mike Schenck 0-0: Ball
1-0: Called Strike
1-1: DOUBLE (Line Drive, 78M)
Jared Pass to third
Batting: LHB Bill Stephenson 0-0: Foul Ball, location: 2F
0-1: Ball
1-1: Called Strike
1-2: Strikes out swinging
Bottom of the 2nd over - 0 run(s), 1 hit(s), 0 error(s), 2 left on base; Alabama 1 - Oregon 0
TOP OF THE 3RD
Alabama Crimson Tide batting - Pitching for Oregon Ducks : RHP Javier Molina
Batting: LHB Davey Davis 0-0: Ball
1-0: Ball
2-0: Ball
3-0: Base on Balls
Batting: RHB Bob Johnson 0-0: Ball
1-0: Called Strike
1-1: SINGLE (Line Drive, 7S)
Davey Davis to second
Batting: LHB Fred Abrams 0-0: Called Strike
0-1: Foul Ball, location: 2F
0-2: Ball
1-2: Strikes out swinging
Batting: RHB Stephen Nava 0-0: Ball
1-0: Called Strike
1-1: Ball
2-1: Foul Ball, location: 2F
2-2: Fly out, F7 (Flyball, 78M)
Batting: LHB Clayton Bailey 0-0: Called Strike
0-1: Foul Ball, location: 2F
0-2: Ball
1-2: Ball
2-2: Ball
3-2: Base on Balls
Davey Davis to third
Bob Johnson to second
Batting: RHB Greg Grant 0-0: SINGLE (Groundball, 6MD)
Davey Davis scores
Bob Johnson to third
Clayton Bailey to second
Throwing error, E8
Bob Johnson scores
Clayton Bailey to third
Greg Grant to second
Batting: RHB Paco González 0-0: Ball
1-0: Fly out, F7 (Flyball, 78M)
Top of the 3rd over - 2 run(s), 2 hit(s), 1 error(s), 2 left on base; Alabama 3 - Oregon 0
BOTTOM OF THE 3RD
Oregon Ducks batting - Pitching for Alabama Crimson Tide : RHP Manuel González
Batting: RHB Jerry Harris 0-0: Called Strike
0-1: Ground out 6-3 (Groundball, 6)
Batting: RHB Kris Ballard 0-0: Swinging Strike
0-1: Ground out 4-3 (Groundball, 34)
Batting: RHB Raúl González 0-0: Called Strike
0-1: Ball
1-1: Foul Ball, location: 2F
1-2: DOUBLE (Line Drive, 5L)
Batting: RHB Tom Cirilo 0-0: Ball
1-0: Swinging Strike
1-1: Swinging Strike
1-2: Foul Ball, location: 2F
1-2: Strikes out looking
Bottom of the 3rd over - 0 run(s), 1 hit(s), 0 error(s), 1 left on base; Alabama 3 - Oregon 0
TOP OF THE 4TH
Alabama Crimson Tide batting - Pitching for Oregon Ducks : RHP Javier Molina
Batting: SHB Jorge Dávila 0-0: Foul Ball, location: 2F
0-1: Fly out, F7 (Flyball, 7M)
Batting: LHB Jorge Cuero 0-0: Foul Ball, location: 2F
0-1: Ball
1-1: Swinging Strike
1-2: Ball
2-2: Fly out, F6 (Popup, 6MD)
Batting: LHB Davey Davis 0-0: Ball
1-0: Ball
2-0: Ball
3-0: Called Strike
3-1: Foul Ball, location: 2F
3-2: Strikes out looking
Top of the 4th over - 0 run(s), 0 hit(s), 0 error(s), 0 left on base; Alabama 3 - Oregon 0
BOTTOM OF THE 4TH
Oregon Ducks batting - Pitching for Alabama Crimson Tide : RHP Manuel González
Batting: RHB Jared Pass 0-0: Ball
1-0: Ball
2-0: Ball
3-0: Called Strike
3-1: Base on Balls
Batting: RHB Bob Levinson 0-0: SINGLE (Line Drive, 34D)
Jared Pass to second
Batting: SHB Mark Thomas 0-0: Called Strike
0-1: Called Strike
0-2: Ball
Single, Error in OF, E8, batter to second base
Jared Pass scores
Bob Levinson to third
Batting: RHB Mike Schenck 0-0: Ball
1-0: Ground out 6-3 (Groundball, 6)
Bob Levinson scores
Batting: LHB Bill Stephenson 0-0: Ground out 3-1 (Groundball, 34)
Mark Thomas to third
Batting: RHB Jerry Harris 0-0: SINGLE (Groundball, 56D)
Mark Thomas scores
Batting: RHB Kris Ballard 0-0: Ball
1-0: Ball
Jerry Harris steals 2nd base
2-0: Fly out, F4 (Popup, 4)
Bottom of the 4th over - 3 run(s), 3 hit(s), 1 error(s), 1 left on base; Alabama 3 - Oregon 3
TOP OF THE 5TH
Alabama Crimson Tide batting - Pitching for Oregon Ducks : RHP Javier Molina
Batting: RHB Bob Johnson 0-0: Ground out 6-3 (Groundball, 6)
Batting: LHB Fred Abrams 0-0: Ground out 4-3 (Groundball, 4M)
Batting: RHB Stephen Nava 0-0: Foul Ball, location: 2F
0-1: Foul Ball, location: 2F
0-2: Foul Ball, location: 2F
0-2: Foul Ball, location: 2F
0-2: Ball
1-2: Ball
2-2: Foul Ball, location: 2F
2-2: SINGLE (Flyball, 89S)
Pitching: LHP Homer Bryan
Batting: LHB Clayton Bailey 0-0: Ball
1-0: Ball
2-0: Called Strike
2-1: Ground out 4-3 (Groundball, 34)
Top of the 5th over - 0 run(s), 1 hit(s), 0 error(s), 1 left on base; Alabama 3 - Oregon 3
BOTTOM OF THE 5TH
Oregon Ducks batting - Pitching for Alabama Crimson Tide : RHP Manuel González
Batting: RHB Raúl González 0-0: Called Strike
0-1: Ball
1-1: Called Strike
1-2: Ball
2-2: Ball
3-2: Strikes out swinging
Batting: RHB Tom Cirilo 0-0: Called Strike
0-1: Ball
1-1: Called Strike
1-2: Strikes out swinging
Batting: RHB Jared Pass 0-0: Ball
1-0: Called Strike
1-1: Ball
2-1: Foul Ball, location: 2F
2-2: SOLO HOME RUN (Flyball, 7D), Distance : 370 ft
Batting: RHB Bob Levinson 0-0: Called Strike
0-1: Ball
1-1: Called Strike
1-2: Fly out, F9 (Flyball, 89M)
Bottom of the 5th over - 1 run(s), 1 hit(s), 0 error(s), 0 left on base; Alabama 3 - Oregon 4
TOP OF THE 6TH
Alabama Crimson Tide batting - Pitching for Oregon Ducks : LHP Homer Bryan
Batting: RHB Greg Grant 0-0: Swinging Strike
0-1: Ground out U3 (Groundball, 3L)
Batting: RHB Paco González 0-0: Foul Ball, location: 2F
0-1: Foul Ball, location: 2F
0-2: Ball
1-2: Foul Ball, location: 2F
1-2: Strikes out looking
Batting: SHB Jorge Dávila 0-0: Called Strike
0-1: Foul Ball, location: 2F
0-2: Foul Ball, location: 2F
0-2: Ball
1-2: Strikes out swinging
Top of the 6th over - 0 run(s), 0 hit(s), 0 error(s), 0 left on base; Alabama 3 - Oregon 4
BOTTOM OF THE 6TH
Oregon Ducks batting - Pitching for Alabama Crimson Tide : RHP Manuel González
Batting: SHB Mark Thomas 0-0: Ball
1-0: Foul Ball, location: 2F
1-1: Ball
2-1: Ball
3-1: Base on Balls
Pitching: RHP Shawn Jones
Batting: RHB Mike Schenck 0-0: Ball
1-0: Fly out, F9 (Flyball, 9M)
Batting: LHB Bill Stephenson 0-0: SINGLE (Groundball, 4MD)
Mark Thomas to second
Batting: RHB Jerry Harris 0-0: Called Strike
0-1: Called Strike
0-2: Strikes out swinging
Batting: RHB Kris Ballard 0-0: Ball
1-0: Called Strike
1-1: Called Strike
1-2: Strikes out swinging
Bottom of the 6th over - 0 run(s), 1 hit(s), 0 error(s), 2 left on base; Alabama 3 - Oregon 4
TOP OF THE 7TH
Alabama Crimson Tide batting - Pitching for Oregon Ducks : LHP Homer Bryan
Batting: LHB Jorge Cuero 0-0: Foul Ball, location: 2F
0-1: Called Strike
0-2: Foul Ball, location: 2F
0-2: Ball
1-2: Ball
2-2: Strikes out swinging
Batting: LHB Davey Davis 0-0: Ball
1-0: Ball
2-0: Called Strike
2-1: Ball
3-1: Base on Balls
Batting: RHB Bob Johnson 0-0: Fly out, F7 (Flyball, 7S)
Batting: LHB Fred Abrams 0-0: Ball
1-0: Ball
2-0: Swinging Strike
2-1: Ball
Davey Davis is caught stealing 2nd base
Top of the 7th over - 0 run(s), 0 hit(s), 0 error(s), 0 left on base; Alabama 3 - Oregon 4
BOTTOM OF THE 7TH
Oregon Ducks batting - Pitching for Alabama Crimson Tide : RHP Shawn Jones
Batting: RHB Raúl González 0-0: Ground out 5-3 (Groundball, 5L)
Batting: RHB Tom Cirilo 0-0: Ball
1-0: Ball
2-0: Ball
3-0: Base on Balls
Batting: RHB Jared Pass 0-0: Ball
1-0: Foul Ball, location: 2F
1-1: Ball
2-1: Grounds into double play, U6-3 (Groundball, 6M)
Bottom of the 7th over - 0 run(s), 0 hit(s), 0 error(s), 0 left on base; Alabama 3 - Oregon 4
TOP OF THE 8TH
Alabama Crimson Tide batting - Pitching for Oregon Ducks : LHP Homer Bryan
Batting: LHB Fred Abrams 0-0: Fly out, F8 (Flyball, 78M)
Pitching: RHP Arlen Wright
Batting: RHB Stephen Nava 0-0: Called Strike
0-1: Swinging Strike
0-2: Ball
1-2: Ball
2-2: Ball
3-2: Foul Ball, location: 2F
3-2: Strikes out swinging
Pitching: RHP Steve Smith
Batting: LHB Clayton Bailey 0-0: Foul Ball, location: 2F
0-1: Foul Ball, location: 2F
0-2: Ball
1-2: Ball
2-2: Ball
3-2: Strikes out swinging
Top of the 8th over - 0 run(s), 0 hit(s), 0 error(s), 0 left on base; Alabama 3 - Oregon 4
BOTTOM OF THE 8TH
Oregon Ducks batting - Pitching for Alabama Crimson Tide : RHP Shawn Jones
Pitching: RHP Michael Cole
Batting: RHB Bob Levinson 0-0: Hit by Pitch
Batting: SHB Mark Thomas 0-0: Ball
1-0: Ball
2-0: Ball
3-0: Called Strike
3-1: Base on Balls
Bob Levinson to second
Batting: RHB Mike Schenck 0-0: Bunt - Flyout! F1
Batting: LHB Bill Stephenson 0-0: Called Strike
0-1: Ball
1-1: Ball
2-1: Swinging Strike
2-2: Foul Ball, location: 2F
2-2: Ball
3-2: Strikes out swinging
Batting: RHB Jerry Harris 0-0: Called Strike
0-1: Ball
1-1: Called Strike
1-2: Foul Ball, location: 2F
1-2: Fly out, F9 (Popup, 89S)
Bottom of the 8th over - 0 run(s), 0 hit(s), 0 error(s), 2 left on base; Alabama 3 - Oregon 4
TOP OF THE 9TH
Alabama Crimson Tide batting - Pitching for Oregon Ducks : RHP Steve Smith
Pitching: LHP Theodore Plummer
Pinch Hitting: RHB Curt Marks 0-0: Called Strike
0-1: SINGLE (Line Drive, 5D)
Batting: RHB Paco González 0-0: Bunted foul
0-1: Sac Bunt - play at second, runner OUT -> throw to first, DP!
Batting: SHB Jorge Dávila 0-0: Ball
1-0: Ball
2-0: Ball
3-0: Base on Balls
Batting: LHB Jorge Cuero 0-0: Swinging Strike
0-1: Ball
1-1: Ball
2-1: Ground out 4-3 (Groundball, 4)
Top of the 9th over - 0 run(s), 1 hit(s), 0 error(s), 1 left on base; Alabama 3 - Oregon 4
This league is powered by Out of the Park Baseball, the baseball management simulation game for PC, Mac and Linux
Tuesday, August 2nd, 2016 - OOTP Baseball 16.8 Build 38